Map: Orbital Shipyard

Players

TokiSada

  • Race: Protoss Protoss
  • League: Diamond

ILLBdA - Winner!

  • Race: Protoss Protoss
  • League: Diamond

VOD

Have the link to the VOD?

Description

Time

  • Played on: Dec. 19, 2015, 7:19 a.m.
  • Length: 7:35
Show
View Real Time Build Order
Export as new Build Order

TokiSada Protoss 

Build Orders: Nexus First 

Get SALT Encoding   

  12  0:01  Probe (Chrono Boost)  
  13  0:12  Probe (Chrono Boost)  
  14  0:23  Pylon  
  14  0:25  Probe (Chrono Boost)  
  15  0:41  Probe (Chrono Boost)  
  16  0:52  Probe (Chrono Boost)  
  17  0:58  Nexus  
  17  1:09  Gateway  
  17  1:19  Assimilator x2  
  17  1:25  Probe (Chrono Boost)  
  18  1:35  Probe (Chrono Boost)  
  18  1:37  Gateway  
  19  1:46  Probe (Chrono Boost)  
  20  1:56  Probe (Chrono Boost)  
  20  1:59  Cybernetics Core  
  21  2:07  Probe (Chrono Boost)  
  22  2:12  Probe (Chrono Boost)  
  23  2:17  Probe (Chrono Boost)  
  24  2:23  Probe (Chrono Boost)  
  24  2:28  Probe (Chrono Boost)  
  26  2:38  Probe (Chrono Boost)  
  26  2:39  Adept (Chrono Boost)  
  26  2:40  Adept (Chrono Boost)  
  26  2:41  Warp Gate  
  26  2:43  Mothership Core  
  33  2:50  Probe  
  34  3:02  Probe (Chrono Boost)  
  34  3:04  Probe (Chrono Boost)  
  36  3:05  Pylon  
  36  3:09  Pylon  
  36  3:13  Probe (Chrono Boost)  
  36  3:15  Probe (Chrono Boost)  
  38  3:24  Probe (Chrono Boost)  
  38  3:25  Probe (Chrono Boost)  
  38  3:26  Stalker (Chrono Boost)  
  42  3:28  Stargate  
  42  3:29  Stalker (Chrono Boost)  
  44  3:35  Probe  
  44  3:37  Probe  
  46  3:47  Probe  
  45  3:51  Probe  
  46  4:00  Probe  
  51  4:04  Sentry (Chrono Boost)  
  51  4:05  Sentry (Chrono Boost)  
  51  4:08  Gateway x2  
  51  4:11  Probe  
  50  4:22  Pylon  
  50  4:23  Pylon  
  50  4:25  Pylon  
  50  4:31  Void Ray (Chrono Boost), Pylon  
  44  5:00  Gateway  
  44  5:04  Gateway  
  44  5:06  Gateway  
  39  5:17  Zealot x2  
  43  5:25  Pylon  
  43  5:27  Pylon  
  39  5:31  Void Ray (Chrono Boost)  
  42  5:41  Zealot  
  42  5:42  Zealot  
  27  6:05  Stalker  
  27  6:06  Stalker, Zealot  
  27  6:07  Zealot  
  34  6:31  Zealot x2  
  34  6:32  Zealot  
  38  6:55  Zealot  
  38  6:56  Zealot x2  
  26  7:27  Zealot  
  26  7:28  Zealot x2  
Show
View Real Time Build Order
Export as new Build Order

ILLBdA Protoss - Winner!

Build Orders:  

Get SALT Encoding   

  12  0:01  Probe (Chrono Boost)  
  13  0:12  Probe (Chrono Boost)  
  14  0:20  Pylon  
  14  0:22  Probe (Chrono Boost)  
  15  0:39  Probe (Chrono Boost)  
  15  0:40  Gateway  
  16  0:45  Assimilator  
  16  0:49  Probe (Chrono Boost)  
  17  1:00  Probe (Chrono Boost)  
  17  1:01  Assimilator  
  18  1:10  Probe (Chrono Boost)  
  19  1:21  Probe (Chrono Boost)  
  20  1:27  Cybernetics Core  
  20  1:31  Probe (Chrono Boost)  
  21  1:42  Probe (Chrono Boost)  
  22  1:48  Pylon  
  22  1:54  Pylon  
  22  2:06  Adept (Chrono Boost)  
  24  2:09  Warp Gate (Chrono Boost)  
  24  2:10  Robotics Facility  
  24  2:14  Mothership Core  
  26  2:22  Gateway  
  26  2:41  Gateway  
  26  2:43  Stalker (Chrono Boost)  
  28  2:58  Immortal (Chrono Boost)  
  32  3:07  Pylon  
  32  3:33  Immortal (Chrono Boost)  
  34  3:50  Pylon  
  34  4:09  Stalker  
  36  4:10  Stalker, Adept  
  36  4:12  Immortal (Chrono Boost)  
  44  4:24  Pylon  
  44  4:44  Adept x3  
  48  4:48  Observer (Chrono Boost)  
  49  5:07  Sentry x2  
  49  5:13  Stalker  
  55  5:35  Immortal (Chrono Boost)  
  59  5:42  Stalker  
  60  5:43  Stalker  
  60  5:49  Stalker  
  62  6:17  Pylon  
  60  6:28  Stalker  
  60  6:31  Stalker  
  62  6:48  Stalker  
  62  6:51  Stalker  
  66  7:04  Sentry  
  62  7:20  Pylon  
Tags
 
Matchup
PvP
Replay Pack
me
Add a new tag
Caveats
  • Supply blocks, unpowered buildings, or Contaminate may cause inaccurate times.
  • Supply counts are checked every 10 seconds.